 Dungeon Crawl Stone Soup version 0.20.1-1-g8b1a95d (webtiles) character file.

19342 IcyS the Spear-Bearer (level 12, -4/78 HPs)
             Began as an Octopode Fighter on July 26, 2017.
             Was a High Priest of Hepliaklqana.
             Slain by an ice beast (7 damage)
             ... summoned by an ice statue
             ... in an ice cave.
             The game lasted 00:43:57 (10590 turns).

IcyS the Spear-Bearer (Octopode Fighter)           Turns: 10590, Time: 00:43:59

Health: -4/78      AC:  1    Str: 18    XL:     12   Next: 68%
Magic:  16/16      EV: 18    Int: 10    God:    Hepliaklqana [*****.]
Gold:   881        SH: 12    Dex: 16    Spells: 11/11 levels left

rFire    x . .     SeeInvis +   S - +5 spear (freeze)
rCold    + . .     Gourm    .   b - +0 shield
rNeg     + . .     Faith    .   (helmet restricted)
rPois    .         Spirit   .   l - amulet of regeneration
rElec    .         Reflect  .   f - ring of resist corrosion
rCorr    +         Harm     .   m - ring of see invisible
MR       +....                  E - ring of stealth
Stlth    +++.......             G - +2 ring of slaying
Regen    0.7/turn               T - ring of ice
MPRegen  0.2/turn               U - ring of Haduph {rN+ MR+ Str+2}
                                (no ring)
                                (no ring)

@: studying Unarmed Combat
A: almost no armour, stealthy swim, amphibious, 8 rings, constrict 8, reduced
essence, camouflage 1, gelatinous body 1
a: Recall Ancestor, Ancestor Identity, Transference, Idealise, Renounce Religion


You were in an ice cave.
You worshipped Hepliaklqana.
Hepliaklqana was extremely pleased with you.
You were hungry.

You visited 2 branches of the dungeon, and saw 13 of its levels.
You also visited: Ice Cave.

You collected 881 gold pieces.

Inventory:

Hand Weapons
 S - a +5 spear of freezing (weapon)
Missiles
 v - 2 throwing nets (quivered)
Armour
 b - a +0 shield (worn)
Jewellery
 f - a ring of resist corrosion (left tentacle)
 i - an uncursed amulet of guardian spirit
 l - an amulet of regeneration (around mantle)
 m - a ring of see invisible (right tentacle)
 E - a ring of stealth (on tentacle)
 G - a +2 ring of slaying (on tentacle)
 T - a ring of ice (on tentacle)
 U - the ring of Haduph (on tentacle) {rN+ MR+ Str+2}
   (You took it off Fannar on level 10 of the Dungeon)

   [ring of protection from magic]

   It affects your strength (+2).
   It protects you from negative energy.
   It affects your resistance to hostile enchantments.
Wands
 h - a wand of disintegration (11/24)
 n - a wand of lightning (8/15)
 B - a wand of iceblast (7/15)
 R - a wand of enslavement (8/24)
 W - a wand of paralysis (11/24)
 Y - a wand of disintegration (10/24)
Scrolls
 k - 2 scrolls of fear
 o - 8 scrolls of identify
 p - 4 scrolls of teleportation
 q - 3 scrolls of enchant weapon
 y - a scroll of blinking
 J - 3 scrolls of remove curse
 X - a scroll of vulnerability {unknown}
Potions
 a - 2 potions of resistance {unknown}
 c - 2 potions of might
 e - 3 potions of haste {unknown}
 g - 3 potions of agility {unknown}
 u - 2 potions of brilliance {unknown}
 w - 2 potions of flight {unknown}
 z - a potion of magic {unknown}
 A - 2 potions of curing {unknown}
 H - 2 potions of degeneration {unknown}
 L - a potion of berserk rage {unknown}
Books
 x - a book of Transfigurations

   Spells                             Type                      Level
   a - Irradiate                      Conjuration/Transmutation    5
   b - Statue Form                    Transmutation/Earth          6
   c - Hydra Form                     Transmutation                6
   d - Dragon Form                    Transmutation                7
 C - a book of Misfortune

   Spells                             Type                      Level
   a - Confusing Touch                Hexes                        1
   b - Confuse                        Hexes                        3
   c - Gell's Gravitas                Translocation                3
   d - Petrify                        Transmutation/Earth          4
   e - Metabolic Englaciation         Hexes/Ice                    5
   f - Yara's Violent Unravelling     Hexes/Transmutation          5
 F - a book of Maledictions

   Spells                             Type                      Level
   a - Corona                         Hexes                        1
   b - Ensorcelled Hibernation        Hexes/Ice                    2
   c - Confuse                        Hexes                        3
   d - Tukima's Dance                 Hexes                        3
   e - Dazzling Spray                 Conjuration/Hexes            3
 K - a book of Changes

   Spells                             Type                      Level
   a - Beastly Appendage              Transmutation                1
   b - Sticks to Snakes               Transmutation                2
   c - Spider Form                    Transmutation/Poison         3
   d - Ice Form                       Ice/Transmutation            4
   e - Blade Hands                    Transmutation                5
 M - a manual of Unarmed Combat
 Z - a book of Dreams

   Spells                             Type                      Level
   a - Ensorcelled Hibernation        Hexes/Ice                    2
   b - Silence                        Hexes/Air                    5
   c - Darkness                       Hexes                        6
   d - Shadow Creatures               Summoning                    6
Comestibles
 d - 15 bread rations
 r - 5 meat rations
 t - 7 royal jellies
 Q - a fruit


   Skills:
 + Level 10.1 Fighting
 - Level 12.0 Polearms
 + Level 8.4 Dodging
 + Level 10.6 Shields
 + Level 5.8 Invocations


You had 11 spell levels left.
You didn't know any spells.

Dungeon Overview and Level Annotations

Branches:
Dungeon (11/15)            Temple (0/1) D:7            Lair (2/6) D:10
    Orc (0/2) D:11
  Swamp: Lair:2-4    Shoals: Lair:2-4     Snake: Lair:2-4    Spider: Lair:2-4

Altars:
Cheibriados
Dithmenos
Elyvilon
Hepliaklqana
Okawaru
Qazlal
Ru
Sif Muna
Vehumet
Yredelemnul
Zin
The Shining One

Annotations:
D:10 Joseph IceCv exclusion: 2 ice statues


Innate Abilities, Weirdness & Mutations

You cannot wear most types of armour.
You are very stealthy in the water. (Stealth+)
You are amphibious.
You can wear up to eight rings at the same time.
You can use your tentacles to constrict eight enemies at once.
Your skin changes colour to match your surroundings (Stealth+).
Your rubbery body absorbs attacks. (AC +1, EV +1)
Your life essence is reduced to manifest your ancestor. (-10% HP)


Message History

The ice beast is severely wounded.
The ice beast hits you.
* * * LOW HITPOINT WARNING * * *
The ice beast freezes you. You resist.
* * * LOW HITPOINT WARNING * * *
You block the ice beast's attack. x2
You are too injured to fight recklessly!
You barely miss the ice beast.
The ice beast is severely wounded.
You block the ice beast's attack. The ice beast misses you.
You hit the ice beast.
The ice beast is severely wounded.
The ice beast barely misses you.
You are feeling hungry.
You hit the ice beast.
The ice beast is almost dead.
You block the ice beast's attack. The ice beast hits you.
* * * LOW HITPOINT WARNING * * *
The ice beast freezes you! You resist.
You die...

##§...... ####
#8....... ##..##
##.......
##....######........
#.......##..........
#..∩∩.............⌠.
#..Y...R............
##YYY.##..##........
##@Y########.......
#### 8.......
#....... #......
##.... ####


You could see the friendly Ingwe the knight and 5 ice beasts.

Vanquished Creatures
  A hydra (D:10)
  3 two-headed ogres
  Sonja (D:10)
  The ghost of vlindergert the Cleaver, a novice MiFi of Trog (D:8)
  A spiny frog (Lair:2)
  3 ice devils (IceCv)
  A rime drake (Lair:2)
  A komodo dragon (Lair:1)
  A troll (D:9)
  4 hippogriffs
  14 yaks
  A human (D:8)
  A hungry ghost (D:9)
  3 hogs (D:8)
  2 water moccasins
  2 porcupines (Lair:2)
  Duvessa (D:6)
  3 black bears
  3 sky beasts
  8 ice beasts
  3 orc warriors (D:10)
  4 ogres
  3 crocodiles
  A gnoll sergeant (D:9)
  11 bullfrogs
  A wyvern skeleton (D:9)
  Dowan (D:6)
  4 scorpions
  8 killer bees
  2 wights
  3 howler monkeys
  2 crimson imps (D:9)
  2 centaur zombies (D:10)
  3 hounds
  A quasit (D:7)
  Crazy Yiuf (D:2)
  3 orc priests
  A jelly (D:7)
  5 orc wizards
  2 centaur skeletons
  Jessica (D:3)
  3 iguanas
  9 worker ants
  A hound zombie (D:7)
  3 hound skeletons
  A worker ant zombie (D:6)
  Robin (D:2)
  10 gnolls
  A howler monkey skeleton (D:9)
  4 adders
  2 shadow imps
  An ooze (D:4)
  2 worms
  2 dart slugs (D:1)
  9 leopard geckos
  25 orcs
  6 bats
  4 giant cockroaches
  6 goblins
  5 hobgoblins
  10 jackals
  9 kobolds
  5 quokkas
  6 frilled lizards
  A quokka skeleton (D:7)
  8 rats
  A spectral orc (D:5)
  A plant (D:10)
253 creatures vanquished.

Vanquished Creatures (collateral kills)
  Fannar (D:10)
  An unseen horror (D:10)
  Maurice (D:8)
  A spiny frog (Lair:1)
  A komodo dragon (D:10)
  The ghost of cba the Covert, a novice SpAs of Sif Muna (D:4)
  A hippogriff (D:7)
  4 yaks
  A hog (D:8)
  A steam dragon (D:10)
  Menkaure (D:7)
  2 porcupines
  3 ice beasts
  2 orc warriors
  3 bullfrogs (Lair:1)
  Blork the orc (D:6)
  2 scorpions
  A killer bee (D:10)
  6 wights
  2 orc priests (D:5)
  A hound (D:8)
  A jelly (D:6)
  An orc wizard (D:10)
  2 centaur skeletons
  A worker ant (D:7)
  A worker ant zombie (D:5)
  2 gnolls (D:6)
  An adder skeleton (D:6)
  A worm (D:3)
  3 leopard geckos
  13 orcs
  6 goblins (D:2)
  2 hobgoblins (D:3)
  4 jackals (D:7)
  A quokka (D:10)
  A frilled lizard (D:4)
  A kobold (D:3)
  2 rats
  A plant (D:10)
81 creatures vanquished.

Vanquished Creatures (others)
  4 knights
  2 ancestors (D:4)
  2 fungi (Lair:2)
  4 plants
12 creatures vanquished.

Grand Total: 346 creatures vanquished

Notes
Turn   | Place    | Note
-------+----------+-------------------------------------------
     0 | D:1      | IcyS the Octopode Fighter began the quest for the Orb.
     0 | D:1      | Reached XP level 1. HP: 16/16 MP: 1/1
   150 | D:1      | Reached XP level 2. HP: 21/21 MP: 2/2
   581 | D:1      | Reached XP level 3. HP: 26/26 MP: 3/3
   612 | D:1      | Reached skill level 3 in Polearms
  1233 | D:2      | Found a snail-covered altar of Cheibriados.
  1242 | D:2      | Reached XP level 4. HP: 28/31 MP: 4/4
  1271 | D:2      | Found a shadowy altar of Dithmenos.
  1271 | D:2      | Found a sacrificial altar of Ru.
  1369 | D:2      | Found a runed door.
  1391 | D:2      | Found a stormy altar of Qazlal.
  1391 | D:2      | Noticed an earth elemental
  1394 | D:2      | Noticed a fire elemental
  1394 | D:2      | Noticed a water elemental
  1394 | D:2      | Noticed an air elemental
  1476 | D:2      | Noticed Crazy Yiuf
  1483 | D:2      | Killed Crazy Yiuf
  1539 | D:2      | Found a hazy altar of Hepliaklqana.
  1579 | D:2      | Became a worshipper of Hepliaklqana the Forgotten
  1630 | D:2      | Noticed Robin
  1700 | D:2      | Killed Robin
  1700 | D:2      | Reached skill level 4 in Polearms
  1700 | D:2      | Reached XP level 5. HP: 32/32 MP: 5/5
  2046 | D:3      | Reached * piety under Hepliaklqana
  2151 | D:3      | Noticed Jessica
  2155 | D:3      | Killed Jessica
  2617 | D:4      | Noticed cba's ghost (novice SpAs)
  2725 | D:4      | Killed cba's ghost
  2725 | D:4      | Reached skill level 5 in Polearms
  2725 | D:4      | Reached XP level 6. HP: 27/38 MP: 6/6
  2727 | D:4      | Reached XP level 7. HP: 32/44 MP: 7/7
  2870 | D:4      | Reached ** piety under Hepliaklqana
  2871 | D:4      | Remembered your ancestor Ingwe as a knight
  3269 | D:4      | Reached skill level 6 in Polearms
  3596 | D:5      | Entered Level 5 of the Dungeon
  3756 | D:5      | Reached skill level 5 in Fighting
  3756 | D:5      | Reached skill level 5 in Shields
  3846 | D:5      | Reached XP level 8. HP: 49/49 MP: 8/8
  3925 | D:5      | Reached skill level 7 in Polearms
  3964 | D:5      | Found a basalt altar of Yredelemnul.
  4491 | D:6      | Reached *** piety under Hepliaklqana
  4554 | D:6      | Noticed Blork the orc
  4594 | D:6      | Killed Blork the orc
  4665 | D:6      | Reached skill level 8 in Polearms
  4758 | D:6      | Noticed Dowan
  4761 | D:6      | Noticed Duvessa
  4764 | D:6      | Killed Dowan
  4764 | D:6      | Reached XP level 9. HP: 55/55 MP: 9/9
  4771 | D:6      | Killed Duvessa
  5446 | D:7      | Reached skill level 9 in Polearms
  5581 | D:7      | Found a staircase to the Ecumenical Temple.
  5642 | D:7      | Reached **** piety under Hepliaklqana
  5650 | D:7      | Noticed Menkaure
  5657 | D:7      | Killed Menkaure
  5963 | D:8      | Reached XP level 10. HP: 63/63 MP: 10/10
  5966 | D:8      | Reached skill level 10 in Polearms
  6039 | D:8      | Found an iron altar of Okawaru.
  6110 | D:8      | Found a glowing silver altar of Zin.
  6129 | D:8      | Noticed vlindergert's ghost (novice MiFi)
  6144 | D:8      | Killed vlindergert's ghost
  6465 | D:8      | Noticed Maurice
  6478 | D:8      | Killed Maurice
  6478 | D:8      | Reached skill level 5 in Dodging
  6738 | D:9      | Noticed a two-headed ogre
  6753 | D:9      | Killed a two-headed ogre
  6753 | D:9      | Reached skill level 11 in Polearms
  6831 | D:9      | Got a pitted whip
  6832 | D:9      | Identified the +6 whip of Innocence {slash, Str+3 Dex+2} (You found it on level 9 of the Dungeon)
  7146 | D:9      | Reached XP level 11. HP: 69/69 MP: 11/11
  7271 | D:9      | Found a glowing golden altar of the Shining One.
  7323 | D:9      | Found a deep blue altar of Sif Muna.
  7333 | D:9      | Found a white marble altar of Elyvilon.
  7809 | D:10     | Entered Level 10 of the Dungeon
  7882 | D:10     | Noticed an unseen horror
  7895 | D:10     | Killed an unseen horror
  8025 | D:10     | Reached skill level 12 in Polearms
  8112 | D:10     | Reached ***** piety under Hepliaklqana
  8149 | D:10     | Noticed a two-headed ogre
  8157 | D:10     | Killed a two-headed ogre
  8157 | D:10     | Reached skill level 1 in Invocations
  8170 | D:10     | Noticed a six-headed hydra
  8184 | D:10     | Killed a six-headed hydra
  8244 | D:10     | Noticed a two-headed ogre
  8249 | D:10     | Killed a two-headed ogre
  8297 | D:10     | Noticed Fannar
  8466 | D:10     | Noticed Sonja
  8467 | D:10     | Noticed Joseph
  8640 | D:10     | Killed Fannar
  8642 | D:10     | Got a translucent turquoise ring
  8649 | D:10     | Identified the ring of Haduph {rN+ MR+ Str+2} (You took it off Fannar on level 10 of the Dungeon)
  8652 | D:10     | Found a staircase to the Lair.
  8683 | D:10     | Killed Sonja
  8683 | D:10     | Reached XP level 12. HP: 40/77 MP: 14/14
  9063 | Lair:1   | Entered Level 1 of the Lair of Beasts
  9168 | Lair:1   | Reached skill level 10 in Shields
  9393 | Lair:1   | Found a radiant altar of Vehumet.
  9804 | Lair:1   | Reached skill level 5 in Invocations
 10271 | Lair:2   | Found a frozen archway.
 10299 | Lair:2   | Reached skill level 10 in Fighting
 10353 | IceCv    | Entered an ice cave
 10590 | IceCv    | HP: 3/78 [ice beast[an ice statue] (2)]
 10590 | IceCv    | Slain by an ice beast

Skill      XL: |  1  2  3  4  5  6  7  8  9 10 11 12 |
---------------+-------------------------------------+-----
Polearms       | 3 4 5 6 8 9 11 12 | 12.0
Fighting       | 4 5 6 7 8 9 10 | 10.1
Shields        | 4 5 6 7 8 9 10 | 10.6
Dodging        | 4 5 7 8 |  8.4
Invocations    | 3 5 |  5.8

Action                   |  1- 3 |  4- 6 |  7- 9 | 10-12 || total
-------------------------+-------+-------+-------+-------++-------
Melee: Trident           |    80 |   112 |    98 |       ||   290
       Constrict         |    19 |    18 |    32 |    42 ||   111
       Tentacles         |     9 |    12 |    27 |   102 ||   150
       Halberd           |       |       |   105 |   135 ||   240
       Spear             |       |       |       |   476 ||   476
Invok: Ancestor Life: Kn |       |       |     1 |       ||     1
       Recall Ancestor   |       |       |     1 |     3 ||     4
       Transference      |       |       |     1 |       ||     1
  Use: Potion            |       |     1 |       |       ||     1
       Scroll            |       |       |    11 |     3 ||    14
 Stab: Sleeping          |     5 |     6 |    12 |    26 ||    49
       Distracted        |     1 |     2 |     1 |     1 ||     5
  Eat: Chunk             |     1 |     4 |    11 |    16 ||    32
Armor: Skin              |     5 |     3 |    14 |    12 ||    34
Dodge: Dodged            |    27 |    23 |    65 |   101 ||   216
Block: Shield            |    18 |    38 |    16 |    74 ||   146
